AoeStats
← TIMVP

Nomad

508681579Analyzed
2v2 RM · 8d ago on Sep 23, 2026· 47m 24s· 4 players
Game mode
Random Map
Map size
176×176
Population
200
Speed
Normal
Resources
Standard
Victory
Conquest
Starting age
Dark Age
Ending age
Imperial Age
RankedLock teamsTeams togetherTeam positionsShared explorationLock speedFull tech treeHidden civsTurbo modeCheats
Victory
Defeat
🇮🇳 Huns · India
668
+21
🇷🇺 Vikings · Russia
643
+22
🇵🇪 Romans · Peru
782
-22
🇵🇪 Poles · Peru
771
-21
Livsha
17:49 Feudal Age
18:50 Double-Bit Axe
19:20 Horse Collar
22:10 Town Watch
24:50 Castle Age
23:02 Fishing Lines
23:48 Fletching
24:09 Forging
24:01 Scale Mail Armor
24:47 Arson
25:58 Bow Saw
25:45 Bodkin Arrow
26:04 Squires
31:20 Stone Mining
36:15 Murder Holes
36:32 Masonry
36:38 Gold Mining
40:56 Chieftains
41:20 Chain Mail Armor
42:12 Iron Casting
41:59 Heavy Plow
47:03 Imperial Age
48:10 Conscription
JAMES GAAND
19:44 Feudal Age
20:26 Gold Mining
20:27 Fishing Lines
20:40 Double-Bit Axe
22:08 Forging
22:04 Scale Barding Armor
22:57 Stone Mining
25:46 Castle Age
28:36 Bow Saw
28:53 Chain Barding Armor
29:09 Iron Casting
29:28 Gold Shaft Mining
30:04 Bloodlines
30:43 Marauders
32:23 Medium Warships
32:45 Husbandry
35:53 Imperial Age
34:10 Wheelbarrow
33:51 Gillnets
36:20 Elite Tarkan
38:09 Blast Furnace
37:44 Plate Barding Armor
38:22 Two-Man Saw
37:54 Conscription
38:05 Conscription
42:46 Heavy Warships
A†ilA
16:59 Feudal Age
16:35 Loom
18:31 Wheelbarrow
17:39 Fishing Lines
19:56 Double-Bit Axe
26:49 Castle Age
25:59 Fletching
26:09 Padded Archer Armor
28:26 Bloodlines
28:17 Husbandry
27:40 Light Cavalry
28:34 Thumb Ring
29:35 Hand Cart
33:45 Imperial Age
33:46 Gillnets
35:02 Conscription
38:38 Cavalier
40:26 Squires
39:47 Pikeman
41:04 Szlachta Privileges
41:28 Lechitic Legacy
43:31 Horse Collar
44:22 Bow Saw
TIMVP
9:30 Loom
13:54 Feudal Age
15:26 Wheelbarrow
15:31 Fishing Lines
16:32 Town Watch
22:50 Castle Age
20:55 Stone Mining
21:00 Gold Mining
22:27 Horse Collar
25:30 Hand Cart
26:32 Man-at-Arms
30:21 Long Swordsman
39:28 Imperial Age
37:49 Ballistas
38:41 Double-Bit Axe
39:41 Scale Mail Armor
39:40 Legionary
43:16 Pikeman
Connection lost

Rejoining the realm…

Still unreachable

The connection could not be restored.

Session expired

The server has moved on; the page needs a fresh start.